Map: Tours du crépuscule

Players

Vader

  • Race: Protoss Protoss
  • League: Diamond

Worming - Winner!

  • Race: Zerg Zerg
  • League: Diamond

VOD

Have the link to the VOD?

Description

Time

  • Played on: Nov. 13, 2015, 4:14 p.m.
  • Length: 13:53
Show
View Real Time Build Order
Export as new Build Order

Vader Protoss 

Build Orders: 1 Gate Expand, Blink Stalkers 

Get SALT Encoding   

  12  0:01  Probe (Chrono Boost)  
  13  0:12  Probe (Chrono Boost)  
  14  0:18  Pylon  
  14  0:23  Probe (Chrono Boost)  
  15  0:37  Probe (Chrono Boost)  
  16  0:43  Gateway  
  16  0:47  Probe (Chrono Boost)  
  17  1:11  Nexus  
  17  1:13  Probe (Chrono Boost)  
  18  1:23  Probe (Chrono Boost)  
  19  1:34  Probe (Chrono Boost)  
  19  1:36  Cybernetics Core  
  20  1:41  Assimilator  
  20  1:43  Assimilator  
  20  1:46  Probe (Chrono Boost)  
  21  1:51  Pylon  
  21  1:57  Probe (Chrono Boost)  
  23  2:08  Probe (Chrono Boost)  
  23  2:13  Adept (Chrono Boost)  
  25  2:19  Probe  
  26  2:23  Probe  
  27  2:30  Warp Gate  
  27  2:32  Probe  
  27  2:34  Probe  
  29  2:42  Twilight Council  
  29  2:44  Probe x2  
  31  2:53  Adept (Chrono Boost)  
  31  2:55  Probe  
  31  2:56  Probe  
  34  3:05  Probe  
  34  3:08  Probe  
  36  3:26  Nexus, Probe  
  36  3:27  Pylon  
  36  3:28  Probe, Pylon  
  38  3:35  Blink  
  38  3:39  Probe  
  38  3:40  Probe  
  40  3:49  Probe (Chrono Boost)  
  40  3:52  Mothership Core (Chrono Boost)  
  43  3:56  Pylon  
  43  4:04  Gateway x2  
  41  4:10  Robotics Facility  
  41  4:28  Pylon  
  41  4:32  Probe x2 (Chrono Boost)  
  41  4:35  Assimilator x2, Forge  
  41  4:37  Pylon  
  43  4:39  Probe (Chrono Boost), Pylon  
  44  4:49  Probe x2 (Chrono Boost), Pylon  
  44  4:50  Probe (Chrono Boost)  
  44  4:52  Pylon  
  47  5:00  Adept  
  47  5:01  Adept x2  
  47  5:03  Probe x2 (Chrono Boost)  
  55  5:13  Probe x2 (Chrono Boost)  
  57  5:20  Stalker  
  59  5:24  Protoss Ground Weapons Level 1  
  59  5:25  Probe x2 (Chrono Boost)  
  61  5:31  Robotics Bay  
  61  5:33  Probe (Chrono Boost)  
  61  5:35  Probe (Chrono Boost)  
  63  5:37  Stalker x2  
  68  5:43  Probe x2 (Chrono Boost)  
  68  5:47  Warp Prism  
  71  5:56  Probe x3 (Chrono Boost)  
  74  5:58  Assimilator  
  74  6:00  Assimilator  
  74  6:07  Probe x3 (Chrono Boost)  
  74  6:08  Stalker x2  
  81  6:17  Probe x2 (Chrono Boost)  
  81  6:18  Probe (Chrono Boost)  
  84  6:28  Probe x2 (Chrono Boost)  
  84  6:30  Robotics Facility  
  86  6:35  Gateway x2  
  86  6:38  Gateway  
  86  6:39  Stalker x3  
  92  7:03  Adept x2  
  92  7:05  Protoss Ground Weapons Level 2  
  96  7:19  Disruptor x2 (Chrono Boost)  
  102  7:35  Stalker x4  
  102  7:36  Stalker  
  112  7:43  Gateway  
  112  7:44  Gateway x2  
  112  7:47  Gateway  
  112  7:52  Disruptor (Chrono Boost)  
  112  7:53  Disruptor (Chrono Boost)  
  114  8:00  Stalker  
  116  8:07  Pylon  
  116  8:08  Pylon x2  
  122  8:43  Stalker x9  
  140  8:54  Observer x2 (Chrono Boost)  
  130  9:08  Stalker x4  
  130  9:09  Stalker  
  140  9:15  Pylon  
  140  9:16  Pylon  
  140  9:18  Protoss Ground Weapons Level 3, Pylon  
  140  9:19  Pylon  
  140  9:33  Disruptor x2 (Chrono Boost)  
  140  9:34  Stalker x4  
  140  9:35  Stalker  
  140  9:37  Stalker x4  
  162  10:01  Stalker x2  
  162  10:02  Stalker x3  
  172  10:07  Pylon  
  172  10:09  Pylon  
  172  10:10  Pylon  
  172  10:38  Stalker x4  
  172  10:39  Stalker x5  
  190  10:49  Disruptor x2 (Chrono Boost)  
  196  11:02  Pylon  
  196  11:03  Pylon  
  192  11:05  Pylon  
  191  11:16  Templar Archives  
  191  11:18  Stalker x3  
  197  11:23  Pylon x2  
  197  11:25  Observer Gravitic Boosters (Chrono Boost)  
  197  11:40  Protoss Ground Armor Level 1  
  197  11:41  Stalker  
  152  12:04  Stalker x7  
  152  12:05  Stalker x2  
  87  12:45  Stalker x7  
  87  12:46  Stalker x2  
  75  13:13  Stalker x4  
  75  13:14  Stalker x5  
  93  13:21  Observer  
  94  13:39  Stalker x7  
Show
View Real Time Build Order
Export as new Build Order

Worming Zerg - Winner!

Build Orders: Hatch First, Lurkers 

Get SALT Encoding   

  12  0:01  Drone  
  13  0:13  Overlord  
  13  0:17  Drone  
  14  0:31  Drone x2  
  14  0:35  Drone  
  17  0:55  Drone, Hatchery  
  17  1:00  Drone  
  18  1:12  Spawning Pool  
  18  1:16  Extractor  
  18  1:18  Drone  
  17  1:28  Overlord  
  17  1:30  Drone  
  18  1:59  Queen  
  18  2:00  Zergling x4  
  22  2:06  Drone  
  22  2:07  Drone  
  24  2:19  Metabolic Boost  
  24  2:22  Hatchery  
  23  2:27  Queen  
  25  2:30  Drone  
  25  2:33  Drone  
  27  2:42  Drone x2  
  29  2:57  Drone x5  
  34  3:05  Overlord  
  34  3:11  Overlord  
  33  3:15  Zergling x4  
  35  3:21  Roach Warren  
  34  3:37  Drone x8  
  42  3:53  Drone, Extractor  
  42  3:55  Overlord  
  42  3:56  Drone  
  42  3:58  Queen  
  42  4:00  Drone  
  42  4:01  Drone x2  
  48  4:15  Drone x3  
  48  4:16  Drone x5  
  55  4:32  Extractor x2  
  53  4:42  Lair, Extractor  
  53  4:43  Extractor  
  51  4:46  Drone, Evolution Chamber  
  51  4:47  Drone x6  
  51  4:48  Evolution Chamber  
  56  4:55  Drone x2  
  56  4:56  Drone x4  
  56  4:57  Overlord  
  62  5:01  Overlord x2  
  62  5:10  Drone  
  62  5:13  Drone, Spine Crawler  
  64  5:14  Drone x3  
  66  5:25  Zerg Missile Weapons Level 1, Zerg Ground Armor Level 1  
  65  5:37  Queen x2  
  65  5:39  Drone x2  
  65  5:40  Drone x2, Glial Reconstitution  
  65  5:42  Drone x2  
  75  5:43  Drone  
  75  5:44  Drone, Hydralisk Den  
  75  5:45  Hatchery, Overlord  
  75  5:48  Roach x2  
  79  5:58  Drone x2  
  79  6:03  Overlord x2  
  81  6:13  Lurker Den  
  81  6:21  Extractor  
  81  6:23  Overlord  
  81  6:24  Overlord  
  81  6:25  Overlord, Extractor  
  79  6:26  Roach x9  
  79  6:29  Overlord  
  97  6:37  Overlord  
  97  6:43  Ravager x2  
  99  6:48  Drone x2  
  99  6:49  Drone x3  
  99  6:50  Drone x4  
  99  6:52  Ravager  
  99  6:53  Ravager x4, Hydralisk  
  113  6:58  Hydralisk x2  
  119  7:04  Overseer  
  118  7:16  Spore Crawler, Drone  
  118  7:18  Hydralisk x3  
  118  7:19  Hydralisk x4  
  118  7:21  Zerg Missile Weapons Level 2, Zerg Ground Armor Level 2  
  132  7:27  Infestation Pit  
  132  7:28  Drone x5, Evolution Chamber  
  135  7:39  Drone x6  
  139  7:53  Spore Crawler  
  139  7:57  Hatchery  
  136  8:01  Zergling x2  
  136  8:04  Burrow  
  137  8:06  Hive  
  137  8:08  Zerg Melee Weapons Level 1  
  137  8:09  Drone x4  
  141  8:14  Lurker x3  
  141  8:17  Overlord x4  
  143  8:25  Overlord  
  143  8:26  Overlord x2  
  143  8:28  Pneumatized Carapace  
  143  8:31  Lurker  
  144  8:35  Overlord x2  
  144  8:37  Lurker x3  
  113  9:03  Lurker  
  114  9:10  Hydralisk  
  114  9:11  Roach x6, Hydralisk x10  
  114  9:13  Overlord x3  
  148  9:17  Muscular Augments  
  148  9:19  Adrenal Glands  
  148  9:20  Ultralisk Cavern  
  147  9:30  Overseer  
  147  9:31  Overlord  
  147  9:32  Overlord  
  147  9:33  Overlord  
  147  9:34  Overlord x2  
  141  9:58  Lurker  
  141  9:59  Lurker x7  
  150  10:00  Lurker  
  150  10:03  Spine Crawler  
  150  10:04  Spine Crawler x2  
  150  10:06  Zergling x22  
  150  10:07  Zergling x14  
  162  10:11  Chitinous Plating, Zerg Melee Weapons Level 2  
  162  10:12  Zerg Missile Weapons Level 3  
  162  10:15  Overseer  
  160  10:30  Hydralisk x3  
  160  10:31  Zergling x2  
  160  10:32  Zergling x18  
  176  11:01  Extractor  
  168  11:04  Extractor  
  168  11:09  Ultralisk  
  168  11:10  Ultralisk x4  
  195  11:11  Hatchery  
  191  11:40  Ultralisk  
  191  11:45  Zergling x4  
  196  12:15  Zergling x2, Ultralisk x4  
  197  12:16  Zergling x4  
  188  12:34  Ultralisk x3  
  188  12:35  Zergling x4  
  188  12:36  Zergling x14  
  199  12:37  Zergling x2  
  174  12:58  Hydralisk x3  
  168  12:59  Zergling x6  
  168  13:00  Zergling x12  
  174  13:19  Roach x9  
  184  13:30  Extractor  
  184  13:33  Spine Crawler  
  173  13:34  Extractor  
  173  13:35  Spine Crawler  
  173  13:36  Zergling x2  
Tags
 
Add a new tag
Caveats
  • Supply blocks, unpowered buildings, or Contaminate may cause inaccurate times.
  • Supply counts are checked every 10 seconds.